 Dungeon Sprint DCSS version 0.22.1-2-g9c5b331383 (webtiles) character file.

2033 Groucho the Imperceptible (level 9, -3/47 HPs)
             Began as a Felid Berserker on Jan 2, 2019.
             Was the Champion of Trog.
             Succumbed to poison (poison gas)
             ... in the Dungeon (Sprint II: "The Violet Keep of Menkaure").
             The game lasted 00:05:57 (1486 turns).

Groucho the Imperceptible (Felid Berserker)         Turns: 1486, Time: 00:05:58

Health: -3/47      AC:  2    Str: 10 (11) XL:     9   Next: 3%
Magic:  1/10       EV: 29    Int:  9      God:    Trog [******]
Gold:   83         SH:  0    Dex: 17 (19) Spells: 8/8 levels left
                                        Lives:  0   Deaths: 3

rFire    + . .     SeeInvis +     - Unarmed
rCold    . . .     Gourm    .   (shield unavailable)
rNeg     . . .     Faith    .   (armour unavailable)
rPois    .         Spirit   +   (helmet unavailable)
rElec    .         Reflect  .   (cloak unavailable)
rCorr    .         Harm     .   (gloves unavailable)
MR       +....     NoTele   +   (boots unavailable)
Stlth    +++++++++.             d - amulet of guardian spirit
HPRegen  0.15/turn              f - ring of flight
MPRegen  0.12/turn              (no ring)

@: lethally poisoned (-3 -> -54), quick
A: very small, no armour, no weapons or thrown items, stealth, claws 1, fangs 3,
see invisible, carnivore, deterioration 1, fire resistance 1, speed 1, shaggy
fur 2, slow metabolism 1, weak 1, subdued magic 1, MP-powered wands, sharp paws
a: Berserk, Trog's Hand, Brothers in Arms, Renounce Religion, Evoke Flight


You were in the Dungeon.
You worshipped Trog.
Trog was exalted by your worship.
You were not hungry.

You visited 1 branch You collected 1053 gold pieces.
You spent 970 gold pieces at shops.

Inventory:

Jewellery
 d - an amulet of guardian spirit (around neck)
 f - a ring of flight (left paw)
Scrolls
 g - a scroll of blinking
 j - 3 scrolls of fog {unknown}
Potions
 b - 3 potions of flight {unknown}
 e - 2 potions of magic
Comestibles
 a - 2 rations


   Skills:
 + Level 10.8 Fighting
 + Level 13.6 Dodging
 + Level 22.1 Stealth
 + Level 10.8 Unarmed Combat


You had 8 spell levels left.
You didn't know any spells.
Your spell library was empty.

Dungeon Overview and Level Annotations

Branches:
Dungeon (1/1)

Altars:
Cheibriados
Dithmenos
Elyvilon
Fedhas
Hepliaklqana
Kikubaaqudgha
Makhleb
Qazlal
Ru
Sif Muna
Trog
Wu Jian
Xom
Beogh
Jiyva
Lugonu

Shops:
D [:==(?:}(*[!%[!?

Annotations:
D exclusion: oklob plant, Roxanne


Innate Abilities, Weirdness & Mutations

You cannot wear armour.
You are incapable of wielding weapons or throwing items.
Your paws allow you to move quietly. (Stealth)
You have sharp claws.
You have razor-sharp teeth.
You have supernaturally acute eyesight. (SInv)
You are carnivorous and can eat meat at any time.
You cover ground quickly.
You are covered in thick fur. (AC +2)
You have a slow metabolism.
Your sharp claws are effective at attacking unaware monsters.
Your body sometimes deteriorates upon taking damage.
Your flesh is heat resistant. (rF+)
You are weak. (Str -2)
Your spells are a little easier to cast, but a little less powerful.
You expend magic power (3 MP) to strengthen your wands.


Message History

The hellwing completely misses you.
The ufetubus is engulfed in poison gas.
The ufetubus is poisoned.
* * * LOW HITPOINT WARNING * * *
You feel very sick.
The quasit completely misses you. x3; The quasit bites you.
You feel clumsy. The quasit completely misses you. The quasit misses you.
The ufetubus is engulfed in poison gas.
The ufetubus looks even sicker.
The ufetubus dies!
The ynoxinul gestures.
The ufetubus is poisoned.
The ufetubus is engulfed in poison gas.
The ufetubus is poisoned.
The hellwing misses you. x2
The ufetubus misses you. The ufetubus closely misses you.
The quasit completely misses you. The quasit barely misses you.
The quasit completely misses you. The quasit misses you.
The quasit closely misses you. The quasit barely misses you.
The obsidian statue's eyes glow briefly.
The obsidian statue attempts to bespell you!
You resist with almost no effort.
You die...

####+#### ##.....§.##
##§.§5.....## +§.§5584@.§.##++##
#§§§35555§##§...###
≈##§§§§§5§##e§....(###
########≈≈#+++#5§'#####....#†##
#######≈≈≈....§.§..# +..^.#..#
∩.....#≈≈≈≈.##'##..# ####^#..#
.∩....#≈≈≈≈##...##.####.['.##.#
∩.∩...#≈≈≈≈#..#).#....#..#.^.####
.∩.∩..#≈≈####...####..#####..##$#


You could see an obsidian statue, a hellwing, a ynoxinul, 2 quasits, a white imp
and 6 ufetubi.

Vanquished Creatures
  A crystal guardian (D)
  2 hell hogs (D)
  2 death drakes (D)
  A merfolk siren (D)
  A yaktaur (D)
  3 polar bears (D)
  3 yaks (D)
  4 neqoxecs (D)
  Menkaure (D)
  2 swamp drakes (D)
  A crocodile (D)
  A scorpion (D)
  4 worker ants (D)
26 creatures vanquished.

Vanquished Creatures (others)
  A hornet (D)
  2 hippogriffs (D)
3 creatures vanquished.

Grand Total: 29 creatures vanquished

Notes
Turn   | Place    | Note
-------+----------+-------------------------------------------
     0 | D        | Groucho the Felid Berserker began the quest for the Orb.
     0 | D        | Reached XP level 1. HP: 10/10 MP: 2/2
     1 | D        | Noticed a neqoxec
     1 | D        | Noticed a neqoxec
     1 | D        | Noticed a neqoxec
     1 | D        | Noticed a neqoxec
     8 | D        | Killed a neqoxec
     8 | D        | Reached skill level 13 in Stealth
     8 | D        | Reached XP level 2. HP: 14/14 MP: 3/3
     8 | D        | Reached XP level 3. HP: 17/17 MP: 4/4
     8 | D        | Reached XP level 4. HP: 21/21 MP: 5/5
    13 | D        | Gained mutation: Your flesh is heat resistant. (rF+) [a
                  | neqoxec]
    21 | D        | Gained mutation: Your body sometimes deteriorates upon
                  | taking damage. [a neqoxec]
    25 | D        | Killed a neqoxec
    25 | D        | Reached skill level 16 in Stealth
    25 | D        | Reached XP level 5. HP: 18/24 MP: 6/6
    28 | D        | Gained mutation: You are weak. (Str -2) [a neqoxec]
    29 | D        | Slain by a neqoxec
    30 | D        | Reached XP level 4. HP: -2/21 MP: 5/5
    30 | D        | Noticed a crocodile
    36 | D        | Killed a crocodile
    36 | D        | Reached ** piety under Trog
    36 | D        | Reached XP level 5. HP: 24/24 MP: 6/6
    37 | D        | Found a stormy altar of Qazlal.
    37 | D        | Found an ornate altar of the Wu Jian Council.
    44 | D        | Reached skill level 17 in Stealth
    54 | D        | Gained mutation: Your spells are a little easier to cast,
                  | but a little less powerful. [a neqoxec]
    55 | D        | Killed a neqoxec
    55 | D        | Reached *** piety under Trog
    55 | D        | Reached skill level 18 in Stealth
    55 | D        | Gained mutation: You are covered in thick fur. (AC +2)
                  | [Felid growth]
    55 | D        | Reached XP level 6. HP: 28/28 MP: 7/7
    58 | D        | Noticed a hippogriff
    69 | D        | Gained mutation: You expend magic power (3 MP) to
                  | strengthen your wands. [a neqoxec]
    72 | D        | Killed a neqoxec
    72 | D        | Reached skill level 5 in Dodging
    72 | D        | Reached skill level 19 in Stealth
   218 | D        | Killed a hippogriff
   429 | D        | Noticed Roxanne
   431 | D        | Killed a hippogriff
   456 | D        | Noticed a merfolk siren
   484 | D        | Killed a merfolk siren
   484 | D        | Reached **** piety under Trog
   484 | D        | Reached skill level 5 in Fighting
   484 | D        | Reached skill level 5 in Unarmed Combat
   484 | D        | Reached XP level 7. HP: 33/33 MP: 8/8
   502 | D        | Found Geas's Food Boutique.
   502 | D        | Found Goggicar's Distillery.
   502 | D        | Found Nunt's Distillery.
   503 | D        | Found Xonweschuwn's Magic Scroll Shop.
   503 | D        | Found Deocielug's Antique Armour Shop.
   503 | D        | Found Diellol's Assorted Antiques.
   503 | D        | Found Jarevul's Antique Weapon Shop.
   503 | D        | Found Jel Puy's Gadget Boutique.
   504 | D        | Found Woptew's Magic Scroll Boutique.
   504 | D        | Found Ronobb's Antique Weapon Shop.
   505 | D        | Found Wifynlug's Antique Armour Shop.
   505 | D        | Found Qeazierph's Book Boutique.
   506 | D        | Found Zir Kosa's Jewellery Boutique.
   506 | D        | Found Cidiadot's Jewellery Shop.
   506 | D        | Noticed Menkaure
   506 | D        | Noticed a death yak
   506 | D        | Noticed an oklob plant
   529 | D        | Killed Menkaure
   668 | D        | Noticed an ice dragon
   670 | D        | Found Saenoemi's Book Shoppe.
   670 | D        | Found Qaxadodd's Antique Armour Boutique.
   674 | D        | Noticed a wyvern
   677 | D        | Noticed a wyvern
   678 | D        | Bought an uncursed amulet of guardian spirit for 360 gold
                  | pieces
   678 | D        | Bought an uncursed ring of flight for 210 gold pieces
   690 | D        | Bought a potion of resistance for 100 gold pieces
   700 | D        | Bought 2 potions of invisibility for 160 gold pieces
   876 | D        | Bought a ration for 70 gold pieces
   876 | D        | Bought a ration for 70 gold pieces
   889 | D        | Reached XP level 8. HP: 38/38 MP: 9/9
   913 | D        | Found a hazy altar of Hepliaklqana.
   913 | D        | Found a sacrificial altar of Ru.
   914 | D        | Found a roughly hewn altar of Beogh.
   914 | D        | Found a viscous altar of Jiyva.
   914 | D        | Found a deep blue altar of Sif Muna.
   916 | D        | Found a snail-covered altar of Cheibriados.
   916 | D        | Found an ancient bone altar of Kikubaaqudgha.
   916 | D        | Found a shimmering altar of Xom.
   916 | D        | Found a bloodstained altar of Trog.
   920 | D        | Found a shadowy altar of Dithmenos.
   920 | D        | Found a corrupted altar of Lugonu.
   921 | D        | Found a white marble altar of Elyvilon.
   921 | D        | Found a burning altar of Makhleb.
   922 | D        | Found a blossoming altar of Fedhas.
   924 | D        | Noticed a yaktaur
   924 | D        | Noticed a hornet
   924 | D        | Noticed a polar bear
   925 | D        | Noticed a polar bear
   925 | D        | Noticed a polar bear
   932 | D        | Killed a polar bear
   938 | D        | Killed a polar bear
   938 | D        | Reached ***** piety under Trog
   938 | D        | Reached skill level 20 in Stealth
   946 | D        | Killed a polar bear
   958 | D        | Killed a hornet
   962 | D        | Killed a yaktaur
   962 | D        | Reached skill level 10 in Dodging
   970 | D        | Reached XP level 9. HP: 35/44 MP: 3/10
   977 | D        | Noticed a hell hog
   978 | D        | Noticed a hell hog
   979 | D        | Killed a hell hog
   979 | D        | Reached skill level 21 in Stealth
   982 | D        | Mangled by a hell hog
   983 | D        | Reached XP level 8. HP: -10/42 MP: 0/9
  1003 | D        | Killed a hell hog
  1003 | D        | Reached XP level 9. HP: 31/46 MP: 4/10
  1161 | D        | Noticed a death drake
  1162 | D        | Noticed a death drake
  1162 | D        | Noticed a crystal guardian
  1166 | D        | Killed a crystal guardian
  1166 | D        | Reached ****** piety under Trog
  1166 | D        | Reached skill level 10 in Fighting
  1166 | D        | Reached skill level 10 in Unarmed Combat
  1167 | D        | Killed a death drake
  1167 | D        | Reached skill level 22 in Stealth
  1169 | D        | Killed a death drake
  1169 | D        | Reached XP level 10. HP: 51/51 MP: 11/11
  1184 | D        | Noticed a deep elf master archer
  1470 | D        | Shot with an arrow by a deep elf master archer
  1471 | D        | Reached XP level 9. HP: -2/47 MP: 0/10
  1473 | D        | Noticed an obsidian statue
  1481 | D        | Noticed a hellwing
  1485 | D        | HP: 1/47 [poison (poison gas)]
  1486 | D        | Succumbed to poison (poison gas)

Skill      XL: |  1  2  3  4  5  6  7  8  9 |
---------------+----------------------------+-----
Stealth        | 13 16 18 19 20 22 | 22.1
Fighting       | 5 6 8 10 | 10.8
Dodging        | 7 12 13 | 13.6
Unarmed Combat | 5 6 8 10 | 10.8

Action                   |  1- 3 |  4- 6 |  7- 9 | 10-12 || total
-------------------------+-------+-------+-------+-------++-------
Melee: Unarmed           |     5 |    75 |    47 |     4 ||   131
       Bite              |       |     6 |     6 |     1 ||    13
       Punch             |       |       |     2 |     2 ||     4
Invok: Trog's Hand       |       |     2 |     1 |       ||     3
       Berserk           |       |     1 |     3 |       ||     4
 Abil: Evoke Flight      |       |       |     2 |     2 ||     4
       Stop Flying       |       |       |     1 |       ||     1
  Use: Potion            |     2 |       |     5 |       ||     7
 Stab: Sleeping          |       |     2 |    10 |       ||    12
       Invisible         |       |       |     1 |       ||     1
  Eat: Ration            |       |       |     1 |       ||     1
Armor: Skin              |       |     1 |     4 |       ||     5
Dodge: Dodged            |     1 |    20 |    92 |     2 ||   115
